 Dungeon Crawl Stone Soup version 0.27.0-1-g7a089689b8 (console) character file.

Game seed: 648727095648995811

219 Banquo the Skirmisher (level 6, -1/47 HPs)
             Began as a Djinni Wanderer on Aug 9, 2021.
             Slain by Menkaure (14 damage)
             ... on level 4 of the Dungeon.
             The game lasted 00:09:35 (4303 turns).

Banquo the Skirmisher (Djinni Wanderer)             Turns: 4303, Time: 00:09:36

Health: -1/47      AC: 10    Str: 12    XL:     6   Next: 17%
Gold:   130        EV:  8    Int: 15    God:
                   SH:  0    Dex: 12

rFire    + + .     SeeInvis .   i - +1 long sword (flame)
rCold    . . .     Faith    .   (no shield)
rNeg     . . .     Spirit   .   b - +2 scale mail
rPois    ∞         Reflect  .   (no helmet)
rElec    .         Harm     .   (no cloak)
rCorr    .         Rampage  .   s - +0 pair of gloves
Will     .....                  (boots unavailable)
Stlth    ..........             (no amulet)
HPRegen  0.15/turn              C - ring of protection from cold
MPRegen  0.00/turn              (no ring)

@: flying
A: sickness immunity, fire resistance 2, cold vulnerability 1, float, innate
caster, hp casting, extra vitality 1
a: no special abilities


You were on level 4 of the Dungeon.
You visited 2 branches of the dungeon, and saw 5 of its levels.

You collected 130 gold pieces.

Inventory:

Hand Weapons
 a - a +0 spear
 i - a +1 long sword of flaming (weapon)
 p - a +2 dagger of venom
 r - a +2 dagger of venom
Missiles
 m - 79 stones (quivered)
Armour
 b - a +2 scale mail (worn)
 s - a +0 pair of gloves (worn)
Jewellery
 w - a ring of protection from fire
 C - a ring of protection from cold (left hand)
Wands
 u - a wand of flame (8)
Scrolls
 d - a scroll of magic mapping {unknown}
 e - a scroll of brand weapon {unknown}
 f - a scroll of enchant weapon {unknown}
 g - 2 scrolls of teleportation {unknown}
 l - a scroll of blinking {unknown}
 n - a scroll of summoning {unknown}
 v - a scroll of fog {unknown}
Potions
 h - 2 potions of flight {unknown}
 j - a potion of brilliance {unknown}
 k - a potion of mutation {unknown}
 o - a potion of invisibility {unknown}
 q - a potion of ambrosia {unknown}
 t - a potion of lignification {unknown}


   Skills:
 * Level 4.1 Fighting
 * Level 2.3 Long Blades
 * Level 3.4 Armour
 - Level 1.0 Stealth
 * Level 3.1 Spellcasting
 - Level 1.0 Evocations


You had 8 spell levels left.
You knew the following spells:

 Your Spells              Type           Power      Damage    Failure   Level
a - Animate Skeleton      Necr           22%        N/A       26%         1
d - Static Discharge      Conj/Air       11%        N/A       36%         2
Your spell library was empty.

Dungeon Overview and Level Annotations

Branches:
Dungeon (4/15)             Temple (1/1) D:4

Altars:
Cheibriados
Dithmenos
Elyvilon
Fedhas
Hepliaklqana
Kikubaaqudgha
Nemelex Xobeh
Qazlal
Ru
Sif Muna
Trog
Uskayaw
Vehumet
Xom
Yredelemnul
Zin

Shops:
D:3 (

Annotations:
D:4 Menkaure


Innate Abilities, Weirdness & Mutations

You are immune to sickness and miasma.
You are immune to poison.
Your flesh is very heat resistant. (rF++)
You are vulnerable to cold. (rC-)
You float through the air rather than walking.
You learn spells naturally, not from books.
Your magical power is your life essence.
You have superior vitality. (+4 HP)


Message History

You barely miss the adder.
The adder is heavily wounded.
The adder bites you but does no damage. The adder barely misses you.
You riposte.
You hit the adder. You burn the adder.
You kill the adder!
You see here an adder corpse.
You start resting.
HP restored.
There is a staircase back to the Dungeon here.
You fly upwards.
Welcome back to the Dungeon!
Level annotation: Menkaure
There is a staircase to the Ecumenical Temple here.
There is a fountain of clear blue water here.
Menkaure mumbles some strange words.
Menkaure seems to speed up.
You hit Menkaure. You burn Menkaure.
Menkaure is moderately damaged.
Menkaure casts a spell at you.
You struggle to resist.
Menkaure gestures at you while chanting.
Pain shoots through your body!
You barely miss Menkaure.
Menkaure is moderately damaged.
Menkaure hits you.
You barely miss Menkaure.
Menkaure is moderately damaged.
Menkaure points at you and mumbles some strange words.
Pain shoots through your body! Menkaure hits you!
You hit Menkaure. You burn Menkaure.
Menkaure is heavily damaged.
Menkaure closely misses you.
You hit Menkaure. You burn Menkaure.
Menkaure is almost destroyed.
Menkaure hits you.
* * * LOW HITPOINT WARNING * * *
Menkaure calls on the powers of darkness!
Your body is wracked with pain!
* * * LOW HITPOINT WARNING * * *
You feel better. Menkaure hits you!
You die...

#..........#
#.#.#.#.#..# #
##...?....).##.
#.#..#.#.#.#.... #.#
..............# #.#
#..#.#.#.#.# #### #.#
#.........# #.. #.#
#....M..### #.# #.#
##...@....###.####.##
#..8.8.8..#.....#..#
#...⌠.⌠............#
#..8.>.8..########.#
#...⌠.⌠...# #.#
#..8.8.8.## #.#
#..........#######.##
#................#.#.
#.#.######.......#.#.


You could see Menkaure (fast).

Vanquished Creatures
  A centaur skeleton (D:2)
  Natasha (thrice) (D:3)
  4 adders
  2 worms (D:2)
  3 dart slugs
  4 orcs (D:3)
  7 ball pythons
  3 bats
  8 endoplasms
  2 giant cockroaches (D:2)
  8 hobgoblins
  4 jackals (D:1)
  A quokka (D:2)
  3 frilled lizards
  7 goblins
  5 kobolds
  2 rats (D:3)
67 creatures vanquished.

Notes
Turn   | Place    | Note
-------+----------+-------------------------------------------
     0 | D:1      | Banquo the Djinni Wanderer began the quest for the Orb.
     0 | D:1      | Reached XP level 1. HP: 20/20 MP: 0/0
   393 | D:1      | Reached XP level 2. HP: 22/25 MP: 0/0
   671 | D:1      | Reached XP level 3. HP: 27/30 MP: 0/0
   671 | D:1      | Learned a level 1 spell: Animate Skeleton
  1506 | D:2      | Reached XP level 4. HP: 23/36 MP: 0/0
  2295 | D:2      | Reached XP level 5. HP: 37/41 MP: 0/0
  2295 | D:2      | Learned a level 2 spell: Static Discharge
  2516 | D:2      | Found a faded altar of an unknown god.
  2561 | D:2      | Reached skill level 1 in Long Blades
  2802 | D:3      | Noticed Natasha
  2856 | D:3      | Killed Natasha
  2921 | D:3      | Noticed Natasha
  2937 | D:3      | Killed Natasha
  2938 | D:3      | Reached skill level 4 in Fighting
  3370 | D:3      | Noticed Natasha
  3423 | D:3      | Killed Natasha
  3424 | D:3      | Reached XP level 6. HP: 40/47 MP: 0/0
  3771 | D:3      | Found Sonkotz's Antique Weapon Shoppe.
  4062 | D:4      | Found a staircase to the Ecumenical Temple.
  4071 | Temple   | Entered the Ecumenical Temple
  4234 | D:4      | Noticed Menkaure
  4303 | D:4      | Slain by Menkaure

Illustrated notes

Levels and vault maps discovered:
D:1:      pf_arrival_petrified_forest, layout_basic, serial_glass,
          glass_columns_b, glass_columns_c
D:2:      layout_basic, shapermc_ecumenical_altar_mp_highgroup
D:3:      layout_basic, serial_shops, shop, grunt_ministairs_14, uniq_natasha
D:4:      layout_cave_pods, minmay_temple_entry_statues_fountains,
          serial_co_window_serial, co_window_corner_a,
          co_window_of_opportunity_a, co_window_cross_1, co_window_corner_a,
          co_window_paths_b, co_window_corner_a, co_window_corner_a,
          co_window_paths_c, co_window_broadway_c, co_window_paths_c,
          co_window_broadway_a, co_window_of_opportunity_b,
          co_window_unsneaky_path_b, co_window_4corner_b, glass_columns_c,
          glass_columns_a, glass_columns_c, glass_columns_b, glass_columns_b,
          corexii_corridor_pit, uniq_menkaure
Temple:   regret_index_temple_sphere_string

Skill      XL: |  1  2  3  4  5 |
---------------+----------------+-----
Spellcasting   | 3 |  3.1
Armour         | 3 |  3.4
Long Blades    | 2 |  2.3
Fighting       | 4 |  4.1
Stealth        | |  1.0
Evocations     | |  1.0

Action                   |  1- 3 |  4- 6 || total
-------------------------+-------+-------++-------
Melee: Spear             |   139 |       ||   139
       Long sword        |    18 |   107 ||   125
  Use: Potion            |       |     1 ||     1
Armor: Scale mail        |    88 |    57 ||   145
Dodge: Dodged            |    89 |    44 ||   133
       Rpst.: Long sword |     9 |    12 ||    21
